[Event "44th Chess Olympiad Open 2022"]
[Site "Chennai"]
[Date "2022.08.07"]
[Round "9.80"]
[White "Adeshole Beckley, Brian"]
[Black "Marie, Patrick"]
[Result "1/2-1/2"]
[WhiteElo "1590"]
[BlackElo "1921"]
[Annotator "NA RC"]
[PlyCount "99"]
[EventDate "2022.??.??"]
[TimeControl "60"]

1. d4 Nf6 2. c4 g6 3. Nc3 Bg7 4. e4 d6 5. Nf3 O-O 6. Be2 c5 7. d5 Nbd7 8. O-O a6 9. h3 Nb6 10. Bf4 Bd7 11. Qd2 Na4 12. Bd3 Nxc3 13. bxc3 b5 14. e5 Ne8 15. Bh6 bxc4 16. Bxg7 Kxg7 17. Bxc4 Bb5 18. Qe2 Qa5 19. a4 Bxc4 20. Qxc4 Rb8 21. Rfe1 Nc7 22. exd6 exd6 23. Re7 Rfe8 24. Rae1 Rxe7 25. Rxe7 Re8 26. Rxe8 Nxe8 27. Qb3 Nf6 28. Nd2 c4 29. Qxc4 Qxd5 30. Qxd5 Nxd5 31. Ne4 Nb6 32. Nxd6 Nxa4 33. c4 Nc5 34. Kf1 Kf6 35. Ke2 Ke6 36. Nc8 a5 37. Na7 a4 38. Nb5 Ke5 39. Ke3 Ke6 40.
Kd4 Nb3+ 41. Kc3 Nc5 42. f3 Kd7 43. Kb4 Kc6 44. Nc3 Nd3+ 45.
Kxa4 Ne1 46. Ne4 Nxg2 47. Kb4 Nf4 48. Ng5 f5 49. Nxh7 Nxh3 50.
Nf6 1/2-1/2

[Event "44th Chess Olympiad Open 2022"]
[Site "Chennai"]
[Date "2022.08.07"]
[Round "9.81"]
[White "Volpinari, Danilo"]
[Black "Nevska, Gerda"]
[Result "0-1"]
[WhiteElo "1955"]
[BlackElo "1840"]
[Annotator "NA RC"]
[PlyCount "114"]
[EventDate "2022.??.??"]
[TimeControl "60"]

1. d4 Nf6 2. Nc3 d5 3. Bf4 Bf5 4. e3 a6 5. f3 Nc6 6. g4 Bg6 7. h4 h5 8. g5 Nd7 9. Nxd5 e5 10. Bg3 Nb4 11. Nxb4 Bxb4+ 12. c3 Bd6 13. Bh3 f6 14. gxf6 gxf6 15. Ne2 Qe7 16. e4 O-O-O 17. Qb3 Kb8 18. O-O-O Bf7 19. Qc2 Rhg8 20. Rhg1 Nb6 21. b3 Bg6 22. Bf2 Bf7 23. Be3 Be6 24. Bf1 Rxg1 25. Bxg1 Qf7 26. d5 Bd7 27. c4 Ba3+ 28. Kb1 a5 29. c5 Nc8 30. c6 Be8 31. cxb7 Kxb7 32. Nc3 Nd6 33.
Qd3 Ra8 34. Rd2 Bb4 35. Rc2 f5 36. Rc1 Bxc3 37. Qxc3 fxe4 38. fxe4 Nxe4 39. Qxe5 Nd2+ 40. Kb2 Nxf1 41. Qe1 Qg7+ 42. Ka3 Qxg1 43. d6 Bc6 44. Qe7 Qb6 45. Rxf1 Qb4+ 46. Kb2 Qd4+ 47. Ka3 Qxd6+ 48. Qxd6 cxd6 49. Rf5 Be8 50. Kb2 a4 51. bxa4 Rxa4 52. Rf8 Bd7 53. Rf6 Kc7 54. Rh6 Rxh4 55. a3 Rh3 56. Rh7 Kc6 57. Rh8 Be6 0-1

[Event "44th Chess Olympiad Open 2022"]
[Site "Chennai"]
[Date "2022.08.07"]
[Round "9.81"]
[White "Herrera, Adrian"]
[Black "Morgan, Jamie"]
[Result "1-0"]
[WhiteElo "1563"]
[BlackElo "1753"]
[Annotator "NA"]
[PlyCount "81"]
[EventDate "2022.??.??"]
[TimeControl "60"]

1. e4 c5 2. Nf3 g6 3. d4 cxd4 4. Qxd4 Nf6 5. Qa4 Nc6 6. Nc3 d6 7. e5 dxe5 8. Nxe5 Bg7 9. Nxc6 bxc6 10. Qxc6+ Bd7 11. Qa6 O-O 12. Bd3 Qc7 13. O-O Rab8 14. h3 Rfc8 15. Rb1 Ng4 16. hxg4 Bxc3 17. Qa3 Bb4 18. Qb3 Be6 19. Qa4 Bd7 20. Qb3 Be6 21. Qa4 Bc3 22. Bf4 Be5 23. Bxe5 Qxe5 24. Rfe1 Qc5 25. a3 Ba2 26. b4 Qc3 27. Rbc1 Rc7 28. Red1 Be6 29. Be2 Qe5 30. Bf3 Qf4 31. Qa5 Rc3 32. Qxa7 Rbc8 33. b5 h5 34. gxh5 Rxf3 35. gxf3 Bh3 36. Qe3 Qf5 37. c4 e6 38. b6 gxh5 39. f4 h4 40. Kh2 Bg2 41. Kxg2 1-0

[Event "44th Chess Olympiad Open 2022"]
[Site "Chennai"]
[Date "2022.08.07"]
[Round "9.82"]
[White "Gontcharov, Serguei"]
[Black "Bridet, Robert"]
[Result "1-0"]
[WhiteElo "1864"]
[BlackElo "1497"]
[Annotator "NA"]
[PlyCount "111"]
[EventDate "2022.??.??"]
[TimeControl "60"]

1. e4 e5 2. Nf3 Nc6 3. d4 exd4 4. Nxd4 Bc5 5. Be3 Nxd4 6.
Bxd4 Bxd4 7. Qxd4 Qf6 8. e5 Qb6 9. Qxb6 axb6 10. Nc3 Ne7 11.
Nb5 O-O 12. Nxc7 Ra5 13. Nb5 Ng6 14. f3 Nxe5 15. Nd6 Rd5 16.
Rd1 Rc5 17. c3 Nc6 18. Kf2 b5 19. Bxb5 Na7 20. Be2 b5 21. Nxc8 Nxc8 22. Rxd7 Nb6 23. Rd2 g6 24. Rhd1 Kg7 25. Rd8 Rxd8 26. Rxd8 Na4 27. Rd2 h5 28. Bd1 Nb6 29. Bb3 g5 30. Rd6 Nc8 31. Rd7 Rf5 32. Rd5 Ne7 33. Rxf5 Nxf5 34. Bc2 Nd6 35. Bd3 Kf6 36. Ke3 Ke5 37. b3 f5 38. a4 bxa4 39. bxa4 Nb7 40. Bb5 f4+ 41. Kd3 g4 42. Bc6 Na5 43.
Be8 gxf3 44. gxf3 Nb3 45. Kc2 Nc5 46. a5 h4 47. Bb5 Kd6 48.
a6 Kc7 49. c4 Kb6 50. Kc3 Ne6 51. Kd3 Ng5 52. Ke2 Ne6 53. Kf2 Nc5 54. Kg2 Ne6 55. Kh3 Nd4 56. Kg4 1-0

[Event "44th Chess Olympiad Open 2022"]
[Site "Chennai"]
[Date "2022.08.07"]
[Round "9.82"]
[White "Walrond, Niccolo"]
[Black "Thomas, Larry"]
[Result "0-1"]
[WhiteElo "1210"]
[BlackElo "1317"]
[Annotator "NA RC"]
[PlyCount "118"]
[EventDate "2022.??.??"]
[TimeControl "60"]

1. e4 c6 2. d4 d5 3. exd5 cxd5 4. c4 Nf6 5. Nc3 Bg4 6. Qb3 Bd7 7. cxd5 Qc8 8. Bc4 g6 9. Nf3 Bg7 10. O-O O-O 11. Re1 Re8 12. Bf4 Na6 13.
d6 e6 14. d5 Nc5 15. Qc2 exd5 16. Nxd5 Rxe1+ 17. Rxe1 Nxd5 18.
Bxd5 Ne6 19. Qxc8+ Rxc8 20. Be5 b6 21. Bxg7 Kxg7 22. Ne5 Rd8 23.
Rd1 Kf6 24. Nxd7+ Rxd7 25. Bc6 Rd8 26. g3 g5 27. Kg2 Ke5 28.
Rd5+ Kf6 29. Kf3 h5 30. b4 Kg6 31. Ke4 f6 32. a4 Nf8 33. a5 bxa5 34. bxa5 Ne6 35. Rd1 Rc8 36. Kd5 Nd8 37. Ba4 Rc3 38. d7 Kf7 39. Re1 Rd3+ 40. Kc4 Rd2 41. a6 Ne6 42. Rb1 Rd4+ 43. Kb3 Ke7 44. Rc1 Rd6 45. Bb5 Nd4+ 46. Ka4 Nxb5 47. d8=Q+ Kxd8 48. Kxb5 Kd7 49. Rc2 Rb6+ 50. Ka5 Rc6 51. Rb2 Rc5+ 52. Rb5 Rxb5+ 53. Kxb5 Kd6 54. h3 f5 55. f3 g4 56. fxg4 fxg4 57. h4 Kd5 58. Kb4 Kc6 59. Ka5 Kc5 0-1

[Event "44th Chess Olympiad Open 2022"]
[Site "Chennai"]
[Date "2022.08.07"]
[Round "9.84"]
[White "Muheto, Dieudonne"]
[Black "Tan, Santiago Jr"]
[Result "1-0"]
[WhiteElo "1830"]
[BlackElo "1872"]
[Annotator "NA RC"]
[PlyCount "149"]
[EventDate "2022.??.??"]
[TimeControl "60"]

1. d4 d5 2. Bf4 Nf6 3. e3 a6 4. Nd2 Bf5 5. c4 c6 6. Ngf3 e6 7. c5 Be7 8. Be2 Nbd7 9. Qb3 Qc8 10. Ne5 O-O 11. Ndf3 h6 12. O-O Ne4 13. Bd3 Ndf6 14. Qc2 Rd8 15. Nd2 g5 16. Bg3 Nxd2 17. Qxd2 Bxd3 18. Qxd3 Ne4 19. f3 Nxg3 20. hxg3 Bf6 21. f4 Bxe5 22. fxe5 Rf8 23. Rf6 Kg7 24. Qe2 Rh8 25. Qh5 Qd7 26. Raf1 Raf8 27. Kf2 Rh7 28. Ke2 Qe7 29. Rh1 Rfh8 30. Qg4 Kf8 31. Rh5 Kg7 32. b4 b5 33. e4 Qd7 34. Qf3 Rd8 35. exd5 cxd5 36. g4 Qe7 37. Rh1 Ra8 38. Rf1 Rf8 39. g3 Kg8 40. Kf2 Kg7 41. Kg2 Kg8 42. Qa3 Qb7 43. R6f2 Rg7 44. Qd3 Qe7 45. Qc3 Rc8 46. Rf6 Rh7 47. Ra1 Qd7 48. Qc2 Kg7 49. Rc1 Qe7 50. a3 Qa7 51. Rff1 Rc6 52. Qf2 Qe7 53. Qf6+ Qxf6 54. Rxf6 Kf8 55. Ra1 Kg7 56. a4 Rh8 57. axb5 axb5 58. Ra7 Rf8 59. Rf1 Kg6 60. Ra5 Rb8 61. Rfa1 Rc7 62. Rf1 Re7 63. Rf6+ Kg7 64. Kf2 Rc7 65. Ke3 Rd7 66. Rf1 Kg6 67. Ra6 Rc7 68. Rfa1 h5 69. gxh5+ Kxh5 70. Kf3 Kg6 71. Ra8 Rbb7 72. g4 f5 73. gxf5+ exf5 74. R1a6+ Kg7 75. c6 1-0

[Event "44th Chess Olympiad Open 2022"]
[Site "Chennai"]
[Date "2022.08.07"]
[Round "9.84"]
[White "Mutabazi Hugues"]
[Black "Cabunagan, Tito"]
[Result "1/2-1/2"]
[WhiteElo "1666"]
[BlackElo "1706"]
[Annotator "NA RC"]
[PlyCount "88"]
[EventDate "2022.??.??"]
[TimeControl "60"]

1. e4 d5 2. exd5 Qxd5 3. Nc3 Qe5+ 4. Qe2 Qxe2+ 5. Bxe2 c6 6.
Nf3 Bg4 7. h3 Bxf3 8. Bxf3 e6 9. d4 Nd7 10. a3 Ngf6 11. Bf4 h6 12. Ne4 Nxe4 13. Bxe4 g5 14. Bd2 Bg7 15. c3 O-O 16. f4 gxf4 17. Bxf4 e5 18.
dxe5 Bxe5 19. Bxh6 Bxc3+ 20. Kf1 Bg7 21. Bxg7 Kxg7 22. Rd1 Nc5 23. Bc2 Rad8 24. Kf2 Ne6 25. Rhe1 Rxd1 26. Rxd1 Rd8 27. Ke3 Rxd1 28. Bxd1 Kf6 29. Bc2 Ke5 30. Bb3 Nd8 31. g4 f6 32. Bc4 c5 33. b4 cxb4 34. axb4 Nc6 35. b5 Nb4 36. Bb3 a5 37. bxa6 bxa6 38.
h4 Nd5+ 39. Bxd5 Kxd5 40. h5 Ke6 41. Kd4 Kf7 42. Kc4 Kg7 43.
Kb4 Kh6 44. Ka5 f5 1/2-1/2

[Event "44th Chess Olympiad Open 2022"]
[Site "Chennai"]
[Date "2022.08.07"]
[Round "9.84"]
[White "Reklai Reece"]
[Black "Elvis Havyarimana"]
[Result "0-1"]
[WhiteElo "1351"]
[BlackElo "1724"]
[Annotator "NA RC"]
[PlyCount "72"]
[EventDate "2022.??.??"]
[TimeControl "60"]

1. d4 e6 2. Bf4 Nf6 3. e3 d5 4. c3 c5 5. Nf3 Nc6 6. Nbd2 cxd4 7. cxd4 Bd6 8. Bg3 O-O 9. Bd3 a5 10. a3 Re8 11. O-O e5 12. dxe5 Nxe5 13.
Nxe5 Bxe5 14. Qc2 Bxg3 15. fxg3 Rxe3 16. Rf3 Qb6 17. Kh1 Bg4 18. Rxe3 Qxe3 19. Nf1 Qb6 20. h3 Rc8 21. Qd2 Be6 22. Rc1 g6 23. Ne3 Ne4 24. Rxc8+ Bxc8 25. Bxe4 dxe4 26. g4 Be6 27. Kg1 Qc5 28. b4 axb4 29. axb4 Qe5 30. Kf1 h6 31. Ke2 b5 32. Nd1 Bc4+ 33. Ke1 Qh2 34. Kf2 g5 35. Nc3 Qe5 36. Ke3 Qf4+ 0-1

[Event "44th Chess Olympiad Open 2022"]
[Site "Chennai"]
[Date "2022.08.07"]
[Round "9.85"]
[White "Depaune, Ricko"]
[Black "Shaw, Clifford"]
[Result "0-1"]
[WhiteElo "1726"]
[BlackElo "1615"]
[Annotator "NA"]
[PlyCount "86"]
[EventDate "2022.??.??"]
[TimeControl "60"]

1. e4 e6 2. f4 d5 3. e5 c5 4. Nf3 Nc6 5. Bb5 a6 6. Bxc6+ bxc6 7. c3 d4 8. O-O Nh6 9. h3 Nf5 10. Kh2 h5 11. Na3 d3 12. Ne1 g5 13. Qf3 Qd5 14. Nxd3 g4 15.
Qxd5 cxd5 16. Nc2 a5 17. b3 Ba6 18. Nce1 c4 19. bxc4 dxc4 20.
Nb2 Rd8 21. Nc2 Bc5 22. Ne3 gxh3 23. Kxh3 Rg8 24. Nxf5 exf5 25. Nd1 Bb7 26. g3 h4 27. Ne3 Bxe3 28. dxe3 Rxg3+ 29. Kh2 Be4 30. a4 Rg2+ 31. Kh3 Rg4 32. Kh2 Rd3 33. Ra2 Rxc3 34. Rd1 Rb3 35. Rad2 Bd3 36. Rb2 Rb4 37. Rxb4 axb4 38. Bd2 b3 39. Bc3 Kd7 40. Ra1 Kc7 41. Kh3 Kb6 42. Rh1 Ka6 43. Rh2 Bf1+ 0-1

[Event "44th Chess Olympiad Open 2022"]
[Site "Chennai"]
[Date "2022.08.07"]
[Round "9.85"]
[White "Taleka, Jed Selu"]
[Black "Tracey, Shaun M"]
[Result "0-1"]
[WhiteElo "1672"]
[BlackElo "1650"]
[Annotator "NA"]
[PlyCount "138"]
[EventDate "2022.??.??"]
[TimeControl "60"]

1. e4 d5 2. exd5 Qxd5 3. Nc3 Qa5 4. Nf3 Nf6 5. a3 c6 6. Bc4 Bf5 7. b4 Qd8 8. O-O e6 9. d4 Be7 10. Be3 O-O 11. Qe2 Nbd7 12. Rad1 Nb6 13. Bb3 a5 14. bxa5 Rxa5 15. a4 Qc7 16. Nh4 Bd6 17. h3 Bh2+ 18.
Kh1 Bf4 19. Qd2 Bxe3 20. fxe3 Rfa8 21. Nxf5 exf5 22. Qd3 Nh5 23. Rf3 Ng3+ 24. Kg1 Re8 25. Kf2 Ne4+ 26. Nxe4 Rxe4 27. Kg1 g6 28. Rdf1 Re7 29. Qc3 Nxa4 30. Qb4 c5 31. Qd2 c4 32. Bxc4 b5 33. Bb3 Nc3 34. Qd3 b4 35. Qc4 Qxc4 36. Bxc4 Ne4 37. Re1 Nd2 38. Bb3 Nxf3+ 39. gxf3 Kg7 40. Kf2 Kf6 41. h4 Rd7 42. Rd1 Re7 43. Rb1 Rc7 44. Ke2 Raa7 45. Kd2 Ra5 46. e4 fxe4 47. fxe4 Ke7 48. Rf1 f6 49. d5 Ra6 50. Kd3 Rc3+ 51. Kd4 Kd7 52. Rf4 Ke7 53. Rf1 h6 54. Re1 Rh3 55. Kc5 Rxh4 56. Kxb4 Kd6 57. Kb5 Ra8 58. Kc4 f5 59. Kd4 Re8 60. Ra1 Rexe4+ 61. Kd3 Rh3+ 62. Kd2 Rd4+ 63. Ke2 Ke5 64. Ra6 g5 65. Re6+ Kf4 66. Rf6 Re3+ 67. Kf2 Rd2+ 68. Kf1 Kg3 69. c3 Rf2+ 0-1

[Event "44th Chess Olympiad Open 2022"]
[Site "Chennai"]
[Date "2022.08.07"]
[Round "9.85"]
[White "Powell, Malcolm"]
[Black "Dabuae, David"]
[Result "1-0"]
[WhiteElo "1218"]
[BlackElo "1707"]
[Annotator "NA"]
[PlyCount "97"]
[EventDate "2022.??.??"]
[TimeControl "60"]

1. Nf3 Nf6 2. c4 g6 3. g3 Bg7 4. Bg2 O-O 5. O-O d6 6. d3 Nc6 7. Nbd2 e5 8. Rb1 a5 9. a3 Bg4 10. b3 Re8 11. Bb2 Qc8 12. Qc2 Nd7 13.
Rfe1 Rb8 14. e3 Nf8 15. Ng5 h6 16. Nge4 Bd7 17. Nc3 Ne6 18.
Nd5 Ne7 19. Bc3 b6 20. Ne4 Nxd5 21. cxd5 Nf8 22. Rbc1 Rb7 23. f4 Nh7 24. Rf1 f5 25. Nf2 Qd8 26. Nh3 Ra7 27. e4 fxe4 28. dxe4 Qc8 29. Nf2 Nf6 30. Rce1 Qa6 31. Nd3 Bb5 32. Rf3 Bd7 33. fxe5 dxe5 34. Nxe5 Qc8 35. Nxd7 Nxd7 36. Bxg7 Kxg7 37. Bh3 Qd8 38.
Bxd7 Qxd7 39. Qc3+ Kh7 40. Ref1 Re7 41. Rf8 Rg7 42. Rb8 Qe7 43. Rff8 g5 44. e5 Qc5+ 45. Qxc5 bxc5 46. e6 a4 47. Rf7 c6 48. Rxg7+ Kxg7 49. d6 1-0

[Event "44th Chess Olympiad Open 2022"]
[Site "Chennai"]
[Date "2022.08.07"]
[Round "9.87"]
[White "Fancy, Stuart"]
[Black "Senglek, Khonsavanh"]
[Result "1-0"]
[WhiteElo "1984"]
[BlackElo "1253"]
[Annotator "NA RC"]
[PlyCount "77"]
[EventDate "2022.??.??"]
[TimeControl "60"]

1. e4 e6 2. d4 d5 3. e5 c5 4. c3 Nc6 5. Nf3 Qb6 6. Bd3 cxd4 7. cxd4 Nge7 8.
O-O Ng6 9. h4 Nb4 10. Be2 Ne7 11. Nc3 Nf5 12. g4 Ne7 13. a3 Nbc6 14. Nb5 Ng8 15. b4 a6 16. Nd6+ Bxd6 17. exd6 Nf6 18. g5 Ne4 19. Qd3 Nxd6 20. Bf4 Qd8 21. Rfe1 Nc4 22. h5 g6 23. Nd2 Nxd2 24. Qxd2 f6 25. Kg2 e5 26. dxe5 fxe5 27. Bxe5 Nxe5 28. Bf3 Qd6 29. Qd4 Be6 30. Rxe5 O-O-O 31. Rxe6 Qc7 32. Rae1 Kb8 33. Bxd5 Rhf8 34. Re7 Rd7 35. Qe5 Rxe7 36. Qxe7 Qxe7 37. Rxe7 Rf5 38. Rxb7+ Kc8 39. Be6+ 1-0

[Event "44th Chess Olympiad Open 2022"]
[Site "Chennai"]
[Date "2022.08.07"]
[Round "9.89"]
[White "Enemchukwu Chinedu Benjamin"]
[Black "Jaiswal Prashant S"]
[Result "1-0"]
[WhiteElo "1889"]
[BlackElo "1683"]
[Annotator "NA RC"]
[PlyCount "41"]
[EventDate "2022.??.??"]
[TimeControl "60"]

1. e4 c5 2. d4 cxd4 3. c3 dxc3 4. Nxc3 Nc6 5. Nf3 d6 6. Bc4 a6 7. e5 dxe5 8. Qxd8+ Nxd8 9. Nd5 Ne6 10. Nb6 Rb8 11. Nxe5 g6 12. Nxf7 Kxf7 13. Bf4 Nh6 14. Bxb8 Bg7 15. O-O Kf6 16. Rfe1 Nf7 17. Nxc8 Rxc8 18. Rxe6+ Kf5 19. Rxe7 Rxc4 20. Rxf7+ Bf6 21.
Rxb7 1-0

[Event "44th Chess Olympiad Open 2022"]
[Site "Chennai"]
[Date "2022.08.07"]
[Round "9.89"]
[White "Nadan, Avinesh"]
[Black "Escalante Ramirez, Brian Sebasti"]
[Result "1-0"]
[WhiteElo "1540"]
[BlackElo "2496"]
[Annotator "TA"]
[PlyCount "106"]
[EventDate "2022.??.??"]
[TimeControl "60"]

1. e4 Nf6 2. Nc3 e5 3. Nf3 Nc6 4. Bc4 Bc5 5. d3 a6 6. a3 d6 7. Bg5 {[%emt 0:01:11] C50: Hungarian
Defence and Giuoco Pianissimo.} h6 8. Bd2 Bg4
{[%emt 0:00:24] [#]} 9. h3 $146 {[%emt 0:00:31] The position is equal.} ({
Predecessor:} 9. b4 Ba7 10. h3 Bh5 11. O-O Qd7 12. b5 Na5 13. bxa6 g5 14. Bb5
c6 15. axb7 Nxb7 {0-1 (23) Zlesakova,R-Korsinskij,N (1504) Prague 2015}) 9...
Bh5 (9... Bxf3 $142 10. Qxf3 Nd4) 10. g4 $11 Bg6 11. Qe2 Qd7 12. Nd5 (12. Qf1 $14 {is superior.}) 12... O-O-O 13.
Nxf6 gxf6 14. O-O-O Kb8 (14... h5 $5 ) 15. Be3 h5 16. Rhg1 hxg4 17. hxg4 Ba7 18. Bd5 Ne7 19. Ba2 d5 20. Bxa7+ Kxa7 21. d4 (21. Nd2 $14) 21... dxe4 (21... exd4 $15 22. exd5 d3 23. Qe3+ Kb8) 22. dxe5 Qc6 23. Qe3+ b6 (23...
Ka8 $1 $11 {remains equal.} 24. Nd4 Qb6) 24. Nd4 $16 Qb7 ({Better is} 24... Qc5) 25. exf6 {[%emt 0:00:29] White is more
active.} Nd5 {[%emt 0:00:58] [#]} 26. Qg3 ({White should play
} 26. Qg5 $1 $18) 26... Nxf6 27. Qc3 c5 {
[%emt 0:04:48] [#]} 28. Nb5+ axb5 29. Qxf6 Rxd1+ (29... Qc7 $14) 30. Rxd1 Re8 (30... Rc8 $16) 31. Bd5 $18 Qe7 32. Qc6 e3 $2 {[%emt 0:06:10] [#]} (32... Rd8
33. Rd2 Qd7 34. Qxd7+ Rxd7) 33. fxe3 $2 (33. Bc4 $1 {Rd7+
would kill now.} Rd8 (33... Rb8 34. Rd7+) 34. Rxd8 (34. Qxb5 Rxd1+ 35. Kxd1
Qd6+ 36. Bd3 exf2 $11) 34... Qxd8 35. Bd5 Qxd5 36. Qxd5) 33... Be4 34. Bxe4 (34. Qxb5 Bxd5 35. Rxd5 Qxe3+ 36. Kb1 Qe1+ 37.
Ka2 Qe6 $18) 34... Qxe4 {[%emt 0:00:15] Endgame KQR-KQR} 35. Rd7+ $2 (35. Qxb5 $18 {is more deadly. White wants to mate with Rd7+.} Re7 36.
Kb1) 35... Ka6 $16 36. Qc7 Qa8 {[%emt 0:01:23] Prevents Qa7+.} (36... Qh1+ $16 37. Rd1 Qf3) 37.
Rxf7 $4 (37. b3 $18) 37... Rxe3 $4 (37...
Qh1+ {avoids the disaster.} 38. Kd2 Qg2+ 39. Kd3 c4+ 40. Qxc4 bxc4+ 41. Kc3
Rxe3+ 42. Kb4 Qd2+ 43. c3 Qxb2+ 44. Kxc4 Qxc3+ 45. Kd5 Qc5#) 38. b3 $18 Re4 39. Qd7 ({Not} 39. Rf6
Qb7 40. Qxc5 Rxg4 41. Rxb6+ Qxb6 $18) (39. g5 $18 {Threatens to win with g6.}
c4 40. b4 (40. Rf6 Qb7 $18)) 39... c4 $2 (39... Rd4 $1 $11 40.
Qf5 c4) 40. a4 Re5 41. Rf5 ({Less strong is} 41. axb5+ Rxb5 42. Qd4 (42.
bxc4 Qh1+ 43. Kd2 Qg2+ 44. Kc3 Qg3+ 45. Kd4 Qg1+ 46. Ke4 Qe1+ 47. Kf4 Qf2+ 48.
Ke4 Qe2+ 49. Kd4 Qd2+ 50. Ke4 Qe2+ 51. Kf4 Qf2+ 52. Ke4 Qe2+ $11) 42... Qh1+
43. Kb2 Qd5 44. Qxd5 Rxd5 45. bxc4 Rg5 $18) 41... Qh1+ 42. Kb2 Qh8 (42... c3+ $18 43. Ka2 Rxf5) 43. Qd4 c3+ 44. Qxc3 {[%emt 0:00:27]
White mates.} Re8 45. axb5+ Kb7 46. Rf6 Rc8 47. Qd4 Qd8 48. Rf7+ Kb8 49. Rd7 Qh8 50. Rg7 Qd8 51. Qf4+ Rc7 52. Rxc7 Qxc7 53. Qxc7+ Kxc7 {[%emt 0:00:00] Never
resign too early! Weighted Error Value: White=0.59/Black=0.80} 1-0

[Event "44th Chess Olympiad Open 2022"]
[Site "Chennai"]
[Date "2022.08.07"]
[Round "9.91"]
[White "Ihsan Mohamed N T"]
[Black "Conhoff, David"]
[Result "0-1"]
[WhiteElo "1208"]
[BlackElo "1460"]
[Annotator "NA RC"]
[PlyCount "96"]
[EventDate "2022.??.??"]
[TimeControl "60"]

1. e4 e5 2. Nf3 Nc6 3. Bc4 Bc5 4. d3 h6 5. Be3 Bxe3 6. fxe3 Nf6 7. Nc3 d6 8. a3 Na5 9. b4 Nxc4 10. dxc4 O-O 11. Nd2 Be6 12. Nd5 Nxe4 13. Nxe4 Qh4+ 14. Nf2 Qxc4 15. Qd3 Bxd5 16. Qxc4 Bxc4 17. c3 f5 18. g3 Rfe8 19. Kd2 d5 20. Rae1 a5 21. Ra1 Kf8 22. g4 g6 23. h4 h5 24. gxh5 gxh5 25. Rhg1 Kf7 26. Nh3 d4 27. cxd4 exd4 28. Ng5+ Ke7 29. exd4 Kd6 30. Nf7+ Bxf7 31. Rg5 axb4 32. Rxf5 Re7 33. Rf6+ Kd7 34. Re1 bxa3 35. Kc2 Rxe1 36. Rxf7+ Re7 37. Rf1 Kd6 38. Ra1 Kd5 39. Kb3 Kxd4 40. Rxa3 Rxa3+ 41. Kxa3 c5 42. Kb3 c4+ 43. Kc2 Re2+ 44. Kd1 Kd3 45. Kc1 Rh2 46. Kb1 Kc3 47. Ka1 Kb3 48. Kb1 Rh1# 0-1

[Event "44th Chess Olympiad Open 2022"]
[Site "Chennai"]
[Date "2022.08.08"]
[Round "10.1"]
[White "Gukesh D"]
[Black "Abdusattorov, Nodirbek"]
[Result "0-1"]
[WhiteElo "2684"]
[BlackElo "2688"]
[Annotator "TA"]
[PlyCount "144"]
[EventDate "2022.??.??"]
[TimeControl "60"]

1. d4 Nf6 2. c4 e6 3. Nf3 d5 4. Nc3 Bb4 5. Qa4+ Nc6 6. e3 O-O 7. Bd2 a5 {[%emt 0:00:35] D38: Queen's Gambit
Declined: Ragozin Defence (4 Nf3 Bb4).} 8. a3 Bxc3 9. Bxc3 Ne7 {[%emt 0:00:14] The position is equal.}
10. Qc2 b6 11. b3 Ba6 {
[%emt 0:02:37][%cal Ya5a4] [#]} 12. a4 $146 ({Predecessor:} 
12. Nd2 a4 13. bxa4 dxc4 14. e4 Qd7 15. Be2 Bb7 16. Bxc4 Rxa4 17. Bb3 Rxd4 18.
Bxd4 Qxd4 {1-0 (69) Sevian,S (2647)-Bok,B (2624) Krasnaya Polyana 2021}) 12...
Ne4 13. Bb2 Nc6 $1 14. Ba3 Nb4 15. Bxb4 axb4 16. Bd3 Nf6 17. O-O c5 18. dxc5 bxc5 19. e4 dxe4 20. Bxe4 Ra7 21. Ne5 Qd6 {[%emt 0:00:
00] [#]} 22. Rfe1 $1 Nxe4 23. Qxe4 Rd8 24. Qf3 Qc7 25.
Rad1 {[%emt 0:01:03] Hoping for Nc6.} Raa8 26. Rxd8+ ({But not} 26. Rd7 $6 Rxd7 27. Qxa8+ Rd8 $11) 26... Rxd8 27. Rd1 $1 $36 {[%emt 0:02:57] Black is under strong pressure.} Rc8 (27... Rxd1+ $16 {is tougher.} 28. Qxd1 f5) 28. Qg3 (28. Qh5 $142 {Strongly threatening Rd7.} Rf8 29. Rd7) 28... h5 29. h3 (29. Rd7 $6 Rd8 30. Rxd8+ (30. Rxc7 $2
Rd1#) 30... Qxd8) 29... Rd8 {[%emt 0:02:39] Inhibits Rd7.} 30. Rxd8+ Qxd8 $18 {[%emt 0:00:02] Endgame KQB-KQN} 31. Nd3 h4 32. Qe3 Bb7 33. f3 Qd6 (33... Qf6 {is a better defense.}) 34. Kf1 (34. Nxc5 $142 Bc8 35. Nd3) 34... e5 35. Nxc5 Bc8 36. Ke1 {[%emt 0:05:36] Against Qd1+.
aiming for Ne4.} Bf5 37. a5 {[%emt 0:01:06] Threatens to win
with a6.} Qc7 38. a6 Bc8 39.
Nd3 {[%emt 0:01:10][%csl Yb4,Ye5] And now a7 would win.} Bxa6 40. Qxe5 Qb6 41. Nc5 ({
Resist} 41. Qe8+ Kh7 42. Qe4+ Kg8 $18) 41... Qa5 42. Kd1 Qd8+ 43. Kc2 Bc8 44. Ne4 Be6 45. Kb2 ({
White should play} 45. Qd6 $18 Qa5 46. Kd3) 45... Qa8 $14 46.
Nc5 Qa3+ 47. Kb1 (47. Kc2 $1
$16 Qa2+ 48. Kc1) 47... g6 $11 48. Kc2 Qa2+ 49. Qb2 Bf5+ 50. Ne4 Qa7 51. Kd3 Qg1 52. Qc2 Qc5 53. Qd2 Qg1 (53... Qe7 54. Qf4 $14) 54. Kc2 Qa1 55. Kd3 Qg1 {[%emt 0:00:17] Against c5} 56. Qe2 Qa7 57. Qe3 Qa2 58. Kd4 Qxg2 59. Ng5 f6 60. Qe8+ Kg7 61. Qe7+ Kh6 {[%emt 0:00:05] Dancing on a razor blade.}
62. Nf7+ Kh5 63. Kc5 (63.
Qe3 $5 g5 64. Nd6 $11) 63... Qxf3 64. Qxf6 Qe3+ 65. Kxb4 {[%emt 0:00:05]
Qh8+ would kill now.} Bxh3 66. Ne5 Qd2+ (66... Bf5 $17 {...h3 is the strong threat.
} 67. Qh8+ Qh6) 67. Kb5 Bd7+ 68. Kc5 (68. Kb6 $11 Qb4+ 69. Kc7) 68... Qe3+ (68... Bf5 69. Qxh4+ $1 Kxh4 70. Nf3+ Kg3 71. Nxd2 $11) 69. Kb4 Bf5 {[%emt 0:00:32] White must now
prevent ...h3.} 70. Qh8+ Qh6 71. Qd8 {
[%emt 0:00:04] [#] Intending Qd1+ and mate.} Qg7 $1 72. Nf3 $2 (72. Qd1+ $17 Kh6 73. Qd5) 72... Qb7+ {[%emt 0:00:04] Quite a
comeback for Black. Weighted Error Value: White=0.18 (very precise) /Black=0.
20 (precise)} 0-1

[Event "44th Chess Olympiad Open 2022"]
[Site "Chennai"]
[Date "2022.08.08"]
[Round "10.1"]
[White "Praggnanandhaa R"]
[Black "Sindarov, Javokhir"]
[Result "1-0"]
[WhiteElo "2648"]
[BlackElo "2629"]
[Annotator "RC"]
[PlyCount "153"]
[EventDate "2022.??.??"]
[TimeControl "60"]

1. d4 Nf6 2. c4 g6 3. Nc3 Bg7 4. e4 d6 5. Nf3 O-O 6. Be2 e5 7. O-O h6 8. Re1 Nbd7 9. Qc2 Re8 10. dxe5 dxe5 11. Be3 c6 12. Na4 Qc7 13. c5 b5 14. cxb6 axb6 15. h3 Qb8 16. Red1 b5 17. Nc5 Nxc5 18. Bxc5 Be6 19. Bd6 Qb6 20. Bxe5 Rxa2 21. Rxa2 Bxa2 22. Bxf6 Bxf6 23. b3 Qa5 24. Qxc6 Re6 25. Qc8+ Kg7 26. Qc2 Qa3 27. e5 Bxe5 28. Nxe5 Rxe5 29. Qc3 Qc5 30. Qb2 Bxb3 31. Re1 Be6 32. Bg4 Kf6 33. Kh2 g5 34. g3 Bxg4 35. f4 Bf5 36. Rxe5 Qc2+ 37. Qxc2 Bxc2 38. Rxb5 Kg6 39. Rb4 f6 40. Kg2 Bd3 41. Kf2 Ba6 42. g4 gxf4 43. Rxf4 h5 44. gxh5+ Kxh5 45. Rxf6 Bd3 46. Kg3 Bg6 47. Ra6 Bd3 48. Ra5+ Kh6 49. Kh4 Kg6 50. Rg5+ Kh6 51. Rd5 Bc2 52. Rd6+ Kg7 53. Kg5 Bb1 54. Rd7+ Kg8 55. Rc7 Bd3 56. Kh6 Bf5 57. Rg7+ Kf8 58. Rg3 Bc2 59. Rg2 Be4 60. Rg1 Kf7 61. Rg4 Bd3 62. Rg3 Bc2 63. Rg2 Bd3 64. Rg7+ Kf8 65. Rg3 Bc2 66. h4 Kf7 67. Rc3 Bb1 68. Rf3+ Kg8 69. Rg3+ Kf7 70. Rg7+ Kf8 71. Rg5 Kf7 72. Kh5 Kf6 73. Kg4 Bc2 74. h5 Bd1+ 75. Kf4 Bc2 76. h6 Bg6 77. Rg1 1-0

[Event "44th Chess Olympiad Open 2022"]
[Site "Chennai"]
[Date "2022.08.08"]
[Round "10.1"]
[White "Yakubboev, Nodirbek"]
[Black "Sarin Nihal"]
[Result "1/2-1/2"]
[WhiteElo "2620"]
[BlackElo "2651"]
[Annotator "RC"]
[PlyCount "93"]
[EventDate "2022.??.??"]
[TimeControl "60"]

1. e4 c6 2. Nf3 d5 3. Nc3 dxe4 4. Nxe4 Nf6 5. Nxf6+ exf6 6. Bc4 Bd6 7. Qe2+ Qe7 8. Qxe7+ Kxe7 9. O-O Re8 10. Re1+ Kf8 11. Rxe8+ Kxe8 12. d4 Bf5 13. c3 Nd7 14. Bf1 Be6 15. c4 f5 16. b3 Nf6 17. Bb2 Be7 18.
Re1 h6 19. Bd3 Rd8 20. Nh4 f4 21. Bf5 g5 22. Ng6 fxg6 23. Bxe6 Kf8 24. g3 Ne8 25. Re4 Nd6 26. Re2 Bf6 27. Kg2 Nf5 28. Bxf5 gxf5 29. gxf4 Bxd4 30. Rd2 Bf6 31. Rxd8+ Bxd8 32. fxg5 hxg5 33. h3 Bc7 34. Bc1 g4 35. hxg4 fxg4 36. f4 gxf3+ 37. Kxf3 Ke7 38. Ke4 Ke6 39. Be3 a6 40. a4 b5 41. axb5 axb5 42. cxb5 cxb5 43. Kd4 Bb6+ 44. Ke4 Bc7 45. Kd4 Bb6+ 46. Ke4 Bc7 47. Bc1 1/2-1/2